 Dungeon Crawl Stone Soup version 0.18.1-6-gd335043 (webtiles) character file.

879 NoLuckNoSkill the Thaumaturge (level 7, -3/36 HPs)
             Began as a Deep Elf Conjurer on May 15, 2016.
             Slain by an ogre
             ... wielding a +0 giant club
              (27 damage)
             ... on level 5 of the Dungeon.
             The game lasted 00:11:18 (4303 turns).

NoLuckNoSkill the Thaumaturge (Deep Elf Conjurer)   Turns: 4303, Time: 00:11:19

Health: -3/36      AC: 10    Str:  5    XL:     7   Next: 75%
Magic:  19/22      EV: 13    Int: 22    God:
Gold:   247        SH:  0    Dex: 15    Spells: 6 memorised, 6 levels left

rFire  . . .     SeeInvis .     q - +3 dagger (protect)
rCold  . . .     Gourm    .     K - +0 robe (curse)
rNeg   . . .     Faith    .     (no shield)
rPois  .         Spirit   .     p - +2 hat
rElec  .         Dismiss  .     (no cloak)
rCorr  .         Reflect  .     (no gloves)
SustAt .         Harm     .     s - +0 pair of boots
MR     .....                    (no amulet)
Stlth  ++........               (no ring)
                                (no ring)

@: not resistant to hostile enchantments, unstealthy
A: no striking features
a: no special abilities


You were on level 5 of the Dungeon.
You were not hungry.

You visited 2 branches of the dungeon, and saw 6 of its levels.

You collected 247 gold pieces.

Inventory:

Hand Weapons
 q - a +3 dagger of protection (weapon)
 w - a +2 short sword of venom
 z - a +1 dagger of venom
 G - a cursed -2 spear
Armour
 a - a +0 robe
 p - a +2 hat (worn)
 s - a +0 pair of boots (worn)
 K - a cursed +0 robe (worn)
Jewellery
 l - an uncursed amulet of rage
 y - an uncursed amulet of harm
Scrolls
 d - 3 scrolls of noise {unknown}
 g - 2 scrolls of fear {unknown}
 h - 3 scrolls of magic mapping {unknown}
 i - 3 scrolls of identify {unknown}
 o - a scroll of teleportation {unknown}
 t - 2 scrolls of recharging {unknown}
 v - a scroll of enchant armour {unknown}
 x - 2 scrolls of fog {unknown}
 A - 3 scrolls of amnesia {unknown}
 H - a scroll of remove curse {unknown}
 L - a scroll of immolation {unknown}
Potions
 e - a potion of beneficial mutation {unknown}
 j - a potion of flight {unknown}
 k - 2 potions of cure mutation {unknown}
 n - 2 potions of ambrosia {unknown}
 r - a potion of curing {unknown}
 u - 2 potions of berserk rage {unknown}
 B - 2 potions of lignification {unknown}
 C - a potion of agility {unknown}
 D - a potion of degeneration {unknown}
 E - a potion of invisibility {unknown}
 F - a potion of haste {unknown}
 I - a potion of cancellation {unknown}
Books
 b - a book of Conjurations

   Spells                             Type                      Level
   a - Magic Dart                     Conjuration                  1
   b - Searing Ray                    Conjuration                  2
   c - Dazzling Spray                 Conjuration/Hexes            3
   d - Fulminant Prism                Conjuration/Hexes            4
   e - Iskenderun's Mystic Blast      Conjuration                  4
   f - Iskenderun's Battlesphere      Conjuration/Charms           5
Comestibles
 c - 4 bread rations
 f - 2 meat rations
 m - 2 beef jerkies


   Skills:
 - Level 2.4 Dodging
 - Level 2.4 Stealth
 * Level 9.9 Spellcasting
 + Level 7.1 Conjurations


You had 6 spell levels left.
You knew the following spells:

 Your Spells              Type           Power        Failure   Level  Hunger
a - Magic Dart            Conj           ####         1%          1    None
b - Searing Ray           Conj           #####.       1%          2    None
c - Dazzling Spray        Conj/Hex       ####....     4%          3    None
d - Iskenderun's Mystic   Conj           #####...     3%          4    ##.....
e - Fulminant Prism       Conj/Hex       ####......   14%         4    ##.....
f - Iskenderun's Battles  Conj/Chrm      ####....     38%         5    ####...


Dungeon Overview and Level Annotations

Branches:
Dungeon (5/15)             Temple (1/1) D:5

Altars:
Ashenzari
Cheibriados
Dithmenos
Elyvilon
Fedhas
Kikubaaqudgha
Makhleb
Okawaru
Pakellas
Ru
Sif Muna
Trog
Yredelemnul
Zin
The Shining One

Shops:
D:4 :


Message History

The shadow imp is heavily wounded.
The shadow imp grins evilly.
The shadow imp gestures at you.
You struggle to resist.
You closely miss the shadow imp.
The shadow imp is heavily wounded.
The shadow imp summons a swarm of flies.
The shadow imp barely misses you.
Casting: Searing Ray
Confirm with . or Enter, or press ? or * to list all spells.
Aiming: Searing Ray
Press: ? - help, Shift-Dir - straight line, f - shadow imp
Aim: a shadow imp (heavily wounded)
The searing ray hits the shadow imp.
You kill the shadow imp!
The searing ray hits the ogre.
The ogre is moderately wounded.
The ogre hits you with a giant club!!
Ouch! That really hurt!
You die...

###.....##### ###
#.....# ...
..##.....# #.#
#.##.....##### #.#
#.##.......... #.#
#.##.....##### #.#
#.##......>... #O#
#.############ #@#
#.# ##.###.######
#..[........#######
######.............
######.#######
#.#...... #.#.#####
##.#)..# #..[##.#


You could see an ogre.

Vanquished Creatures
  An ogre (D:4)
  2 phantoms
  A hound (D:4)
  5 orc wizards
  3 orc priests (D:5)
  A jelly (D:5)
  An iguana (D:4)
  A worker ant (D:5)
  6 gnolls
  9 adders
  A shadow imp (D:5)
  An ooze (D:2)
  3 worms
  15 dart slugs
  A giant gecko (D:1)
  10 orcs
  4 ball pythons
  4 giant cockroaches
  5 goblins
  6 hobgoblins
  5 jackals
  6 kobolds
  3 quokkas
  8 bats
  5 giant newts
  7 rats
114 creatures vanquished.

Notes
Turn   | Place    | Note
--------------------------------------------------------------
     0 | D:1      | NoLuckNoSkill the Deep Elf Conjurer began the quest for the Orb.
     0 | D:1      | Reached XP level 1. HP: 10/10 MP: 6/6
   118 | D:1      | Reached XP level 2. HP: 15/15 MP: 2/8
   194 | D:1      | Reached skill level 4 in Spellcasting
   198 | D:1      | Learned a level 2 spell: Searing Ray
   251 | D:1      | You fall through a shaft!
   473 | D:1      | Reached XP level 3. HP: 19/19 MP: 6/10
   807 | D:2      | Reached skill level 5 in Conjurations
   807 | D:2      | Reached skill level 5 in Spellcasting
   807 | D:2      | Reached XP level 4. HP: 2/24 MP: 1/13
  1416 | D:2      | Learned a level 3 spell: Dazzling Spray
  1421 | D:2      | Learned a level 4 spell: Iskenderun's Mystic Blast
  1426 | D:2      | Learned a level 4 spell: Fulminant Prism
  1586 | D:2      | Reached skill level 6 in Spellcasting
  1673 | D:3      | Reached XP level 5. HP: 28/28 MP: 9/15
  2014 | D:3      | Found a sacrificial altar of Ru.
  2485 | D:4      | Found Darphior's Book Emporium.
  2765 | D:4      | Reached skill level 7 in Spellcasting
  2769 | D:4      | Noticed a phantom
  2816 | D:4      | Killed a phantom
  2816 | D:4      | Reached XP level 6. HP: 24/32 MP: 1/18
  2952 | D:4      | Reached skill level 8 in Spellcasting
  3252 | D:4      | Found a basalt altar of Yredelemnul.
  3332 | D:5      | Entered Level 5 of the Dungeon
  3387 | D:5      | Reached XP level 7. HP: 26/36 MP: 17/20
  3576 | D:5      | Found a shattered altar of Ashenzari.
  3654 | D:5      | Reached skill level 9 in Spellcasting
  3668 | D:5      | Learned a level 5 spell: Iskenderun's Battlesphere
  4111 | D:5      | Found a staircase to the Ecumenical Temple.
  4118 | Temple   | Entered the Ecumenical Temple
  4303 | D:5      | Slain by an ogre

Skill      XL: |  1  2  3  4  5  6  7 |
---------------+----------------------+-----
Spellcasting   | 4 5 6 7 8 9 |  9.9
Conjurations   | 5 6 7 |  7.1
Dodging        | |  2.4
Stealth        | |  2.4

Action                   |  1- 3 |  4- 6 |  7- 9 || total
-------------------------+-------+-------+-------++-------
Melee: Unarmed           |     5 |     1 |       ||     6
       Dagger            |       |    45 |     7 ||    52
 Cast: Magic Dart        |    43 |   122 |    44 ||   209
       Searing Ray       |     2 |    10 |     9 ||    21
 Stab: Sleeping          |       |     1 |     1 ||     2
  Eat: Chunk             |       |     6 |     3 ||     9
       Beef jerky        |       |     1 |       ||     1
Armor: Robe              |     5 |    23 |     3 ||    31
Dodge: Dodged            |    11 |    65 |    14 ||    90
